 Dungeon Crawl Stone Soup version 0.29.0-4-gdea44cf6ec (webtiles) character file.

Game seed: 11399599206826116730

77 qw the Chopper (level 4, -3/26 HPs)
             Began as a Tengu Warper on Aug 28, 2022.
             Slain by a gnoll
             ... wielding a +0 spear
              (6 damage)
             ... on level 3 of the Dungeon.
             The game lasted 00:00:11 (2657 turns).

qw the Chopper (Tengu Warper)                       Turns: 2657, Time: 00:00:11

Health: -3/26      AC:  6    Str: 13    XL:     4   Next: 33%
Magic:  8/8        EV:  9    Int: 14    God:
Gold:   72         SH:  0    Dex: 13    Spells: 7/7 levels left

rFire   . . .      SeeInvis .   Y - +0 war axe
rCold   . . .      Faith    .   (no shield)
rNeg    . . .      Spirit   .   e - +0 scale mail
rPois   .          Reflect  .   (helmet restricted)
rElec   .          Harm     .   (no cloak)
rCorr   .          Rampage  .   (no gloves)
Will    .....                   (boots unavailable)
Stlth   ..........              (no amulet)
HPRegen 0.08/turn               (no ring)
MPRegen 0.11/turn               (no ring)

@: no status effects
A: beak, talons 3
a: no special abilities


You were on level 3 of the Dungeon.
You visited 1 branch of the dungeon, and saw 3 of its levels.

You collected 72 gold pieces.


Innate Abilities, Weirdness & Mutations

You have a beak for a mouth.
You have claws for feet.


   Skills:
 - Level 2.0 Fighting
 + Level 4.9 Axes
 - Level 1.0 Throwing
 - Level 1.1 Armour
 - Level 2.1 Dodging
 - Level 2.0 Spellcasting
 - Level 2.4 Translocations


You had 7 spell levels left.
You didn't know any spells.
Your spell library contained the following spells:

 Spells                   Type           Power      Damage    Failure   Level
 Blink                    Tloc           16%        N/A       54%         2
 Gell's Gravitas          Tloc           8%         N/A       78%         3
 Lesser Beckoning         Tloc           8%         N/A       78%         3
 Teleport Other           Tloc           8%         N/A       78%         3
 Manifold Assault         Tloc           8%         N/A       100%        5

Inventory:

Hand Weapons
 j - a +0 club
 Y - a +0 war axe (weapon)
Armour
 e - a +0 scale mail (worn)
Potions
 a - a potion of berserk rage {unknown}
 b - a potion of curing {unknown}
 c - a potion of flight {unknown}
 d - a potion of mutation {unknown}
 f - a potion of heal wounds {unknown}
 i - a potion of might

Dungeon Overview and Level Annotations

Branches:
Dungeon (3/15)

Altars:


Message History

You kill the giant cockroach!
You see here a giant cockroach corpse.
h - a javelin 2 gnolls and a worm come into view.
Found a scroll labelled JINAIBE SEIR and a whip.
Found a stone staircase leading up.
The gnoll shouts! x2
The gnoll moves out of view.
Enter note:
2649 ||| Stepping ~*~*~tactically~*~*~ (hiding).
Throw: javelin
Press: ? - help, Q - select action Shift-Dir - straight line, f - worm You throw a javelin.
The javelin completely misses the worm.
The gnoll hits you from afar with a +0 spear.
You closely miss the gnoll. You claw the gnoll. Your peck misses the gnoll.
The gnoll is heavily wounded.
The gnoll misses you.
The gnoll hits you from afar with a +0 spear.
You slash the gnoll!
You kill the gnoll!
The gnoll misses you.
A gnoll comes into view. It is wielding a +0 whip.
The gnoll shouts!
You hit the worm. You peck the worm.
The worm is moderately wounded.
The gnoll hits you from afar with a +0 spear.
The gnoll barely misses you.
You hit the worm. You claw the worm.
The worm is almost dead.
You hit the gnoll but do no damage. The worm bites you!
The gnoll hits you with a +0 whip. The gnoll barely misses you.
You hit the worm but do no damage. Your kick misses the worm.
You peck the worm.
You kill the worm!
You hit the gnoll. The gnoll barely misses you.
You slash the gnoll!
You kill the gnoll!
The gnoll hits you from afar with a +0 spear.
You die...

## ##### .) .... #.
#..## #. #...# ###?
##...# .g. #....#
#.##....# #)@.....#
#....##....# #....
#....# #
#....##....### .#.
.(...<#.......#....
###....#.........#
#....#....%...##
#....#####%##.#
#########.##.#


You could see a gnoll.

Vanquished Creatures
  3 gnolls
  3 worms
  A dart slug (D:1)
  8 bats
  5 endoplasms (D:2)
  5 giant cockroaches
  3 goblins (D:1)
  2 hobgoblins
  2 jackals (D:2)
  A kobold (D:2)
  2 quokkas
  2 ball pythons (D:1)
  3 frilled lizards (D:2)
  3 rats
43 creatures vanquished.

Notes
Turn   | Place    | Note
-------+----------+-------------------------------------------
     0 | D:1      | qw the Tengu Warper began the quest for the Orb.
     0 | D:1      | Reached XP level 1. HP: 12/12 MP: 4/4
     0 | D:1      | 0 ||| qw: Version: 0.1-a-89-g26bdef1
     0 | D:1      | 0 ||| qw: Game counter: 1860
     0 | D:1      | 0 ||| qw: Always use a shield: true
     0 | D:1      | 0 ||| qw: God list: Okawaru
     0 | D:1      | 0 ||| qw: Allow faded altars: false
     0 | D:1      | 0 ||| qw: Do Orc after D:15 true
     0 | D:1      | 0 ||| qw: Do second Lair branch before Depths: true
     0 | D:1      | 0 ||| qw: Lair rune preference: random
     0 | D:1      | 0 ||| qw: Plans: Normal
     0 | D:1      | 0 ||| PLANNING D:1-11
    74 | D:1      | Noticed a great orb of eyes
   125 | D:1      | Noticed a golden eye
   127 | D:1      | Found a faded altar of an unknown god.
   129 | D:1      | Noticed an eye of devastation
   129 | D:1      | Noticed an eye of devastation
   192 | D:1      | Reached XP level 2. HP: 17/17 MP: 6/6
   192 | D:1      | 192 ||| Stepping ~*~*~tactically~*~*~ (stealth).
   194 | D:1      | 194 ||| Stepping ~*~*~tactically~*~*~ (stealth).
   198 | D:1      | Reached skill level 3 in Axes
   718 | D:1      | 718 ||| SWAPPING to +0 war axe.
   724 | D:1      | Reached XP level 3. HP: 14/21 MP: 7/7
   813 | D:1      | 813 ||| DROPPING +0 hand axe.
  1124 | D:1      | 1124 ||| Stepping ~*~*~tactically~*~*~ (hiding).
  1125 | D:1      | 1125 ||| Stepping ~*~*~tactically~*~*~ (hiding).
  1129 | D:1      | Reached skill level 4 in Axes
  1331 | D:1      | 1331 ||| UPGRADING to +0 scale mail.
  1341 | D:1      | 1341 ||| DROPPING +0 leather armour.
  1342 | D:1      | 1342 ||| READING scroll labelled EMAOCI BATORISCH.
  1343 | D:1      | 1343 ||| READING scroll labelled DOMIXYL NYLAJIT.
  1344 | D:1      | 1344 ||| DRINKING 2 clear potions.
  1345 | D:1      | 1345 ||| DROPPING scroll of blinking.
  1416 | D:2      | 1416 ||| Stepping ~*~*~tactically~*~*~ (stealth).
  1417 | D:2      | 1417 ||| Stepping ~*~*~tactically~*~*~ (stealth).
  1418 | D:2      | 1418 ||| Stepping ~*~*~tactically~*~*~ (stealth).
  1426 | D:2      | 1426 ||| Stepping ~*~*~tactically~*~*~ (stealth).
  1438 | D:2      | 1438 ||| Stepping ~*~*~tactically~*~*~ (stealth).
  1439 | D:2      | 1439 ||| Stepping ~*~*~tactically~*~*~ (stealth).
  1440 | D:2      | 1440 ||| Stepping ~*~*~tactically~*~*~ (stealth).
  1441 | D:2      | 1441 ||| Stepping ~*~*~tactically~*~*~ (stealth).
  1442 | D:2      | 1442 ||| Stepping ~*~*~tactically~*~*~ (stealth).
  1443 | D:2      | 1443 ||| Stepping ~*~*~tactically~*~*~ (stealth).
  1482 | D:2      | 1482 ||| Stepping ~*~*~tactically~*~*~ (stealth).
  2035 | D:2      | Reached XP level 4. HP: 15/26 MP: 8/8
  2569 | D:2      | 2569 ||| READING scroll labelled XENAKHL PU MYED.
  2649 | D:3      | 2649 ||| Stepping ~*~*~tactically~*~*~ (hiding).
  2655 | D:3      | HP: 3/26 [gnoll/+0 whip (5)]
  2657 | D:3      | Slain by a gnoll

Levels and vault maps discovered:
D:1:      dpeg_arrival_rooms_b, layout_loops_corners,
          hellmonk_ecumenical_altar_watching_god, st_stairs_14
D:2:      layout_basic, chequers_mini_garden
D:3:      layout_basic, kennysheep_generic_room_4, uniq_natasha, uniq_grinder

Skill      XL: |  1  2  3 |
---------------+----------+-----
Axes           | 3 4 |  4.9
Fighting       | |  2.0
Throwing       | |  1.0
Armour         | |  1.1
Dodging        | |  2.1
Spellcasting   | |  2.0
Translocations | |  2.4

Action                   |  1- 3 |  4- 6 || total
-------------------------+-------+-------++-------
Melee: Hand axe          |    21 |       ||    21
       Kick              |    15 |     5 ||    20
       Peck              |     6 |     2 ||     8
       War axe           |    40 |    16 ||    56
Throw: Boomerang         |     7 |       ||     7
       Javelin           |    36 |     4 ||    40
  Use: Scroll            |     2 |     1 ||     3
       Potion            |     1 |       ||     1
Armor: Leather armour    |    10 |       ||    10
       Scale mail        |    14 |     5 ||    19
Dodge: Dodged            |    42 |    10 ||    52

Table legend:
 A = Non-vault XP
 B = Vault XP
 C = Vault XP percentage of total XP
 D = Non-vault monster count
 E = Vault monster count
 F = Vault count percentage of total count
                 A         B        C        D         E       F
            +---------+---------+-------+---------+---------+-------
      Total |     122 |       2 |   1.6 |      42 |       1 |   2.3
            +---------+---------+-------+---------+---------+-------
        D:1 |      44 |       2 |   4.3 |      17 |       1 |   5.6
        D:2 |      41 |       0 |   0.0 |      20 |       0 |   0.0
        D:3 |      37 |       0 |   0.0 |       5 |       0 |   0.0
            +---------+---------+-------+---------+---------+-------
